 Dungeon Crawl Stone Soup version 0.27-a0-1278-g6cbc8dfb29 (webtiles) character file.

Game seed: 7555580257993551937

952 dickylongcocking the Skirmisher (level 8, -7/61 HPs)
             Began as a Djinni Fire Elementalist on June 13, 2021.
             Killed by an exploding rat (13 damage)
             ... ignited by their inner flame
             ... on level 5 of the Dungeon.
             The game lasted 00:05:56 (6980 turns).

dickylongcocking the Skirmisher (DjFE)              Turns: 6980, Time: 00:05:57

Health: -7/61      AC:  3    Str: 13    XL:     8   Next: 36%
Gold:   231        EV: 12    Int: 19    God:
                   SH:  0    Dex: 14

rFire    + + .     SeeInvis .   n - +1 halberd (vamp)
rCold    x . .     Faith    .   (shield currently unavailable)
rNeg     . . .     Spirit   .   l - +0 leather armour
rPois    ∞         Reflect  .   (no helmet)
rElec    .         Harm     .   (no cloak)
rCorr    .         Rampage  .   (no gloves)
Will     .....                  (boots unavailable)
Stlth    ++........             (no amulet)
HPRegen  0.20/turn              p - +6 ring of strength
MPRegen  0.00/turn              (no ring)

@: flying, very slightly contaminated
A: sickness immunity, fire resistance 2, cold vulnerability 1, float, innate
caster, hp casting, extra vitality 1
a: no special abilities


You were on level 5 of the Dungeon.
You visited 1 branch of the dungeon, and saw 5 of its levels.

You collected 231 gold pieces.

Inventory:

Hand Weapons
 c - a +0 short sword
 n - a +1 vampiric halberd (weapon)
Missiles
 g - 2 throwing nets
Armour
 a - a +0 robe
 l - a +0 leather armour (worn)
Jewellery
 p - a +6 ring of strength (left hand)
 t - a ring of willpower
Wands
 b - a wand of digging (6)
 d - a wand of polymorph (12)
Scrolls
 e - 2 scrolls of fear {unknown}
 f - a scroll of immolation {unknown}
 h - 4 scrolls of identify {unknown}
 i - a scroll of magic mapping {unknown}
 j - a scroll of fog {unknown}
 o - 2 scrolls of teleportation {unknown}
 q - a scroll of acquirement {unknown}
 r - a scroll of brand weapon {unknown}
 s - a scroll of amnesia {unknown}
Potions
 k - a potion of attraction


   Skills:
 * Level 6.2 Fighting
 - Level 2.2 Dodging
 - Level 1.5 Stealth
 * Level 5.5 Spellcasting


You couldn't memorise any spells.
You knew the following spells:

 Your Spells              Type           Power      Damage    Failure   Level
a - Foxfire               Conj/Fire      100%       2x1d9     1%          1
b - Conjure Flame         Conj/Fire      26%        6-21      4%          3
c - Inner Flame           Hex/Fire       26%        N/A       4%          3
d - Sticky Flame          Conj/Fire      26%        2d5       16%         4
e - Fireball              Conj/Fire      13%        3d7       41%         5
f - Sting                 Tmut/Pois      100%       1d8       1%          1
g - Poisonous Vapours     Pois/Air       52%        N/A       2%          2
h - Summon Guardian Gole  Hex/Summ       26%        N/A       4%          3
Your spell library was empty.

Dungeon Overview and Level Annotations

Branches:
Dungeon (5/15)             Temple (0/1) D:4

Altars:
Ashenzari
Fedhas
Gozag
Qazlal

Annotations:
D:4 3 runed translucent doors, LuckyCharm's ghost, amateur SpVM


Innate Abilities, Weirdness & Mutations

You are immune to sickness and miasma.
You are immune to poison.
Your flesh is very heat resistant. (rF++)
You are vulnerable to cold. (rC-)
You float through the air rather than walking.
You learn spells naturally, not from books.
Your magical power is your life essence.
You have superior vitality. (+4 HP)


Message History

Aim: a river rat (almost dead, 100% to hit)
The sticky flame hits the river rat but does no damage.
The river rat is almost dead.
The river rat is covered in liquid flames!
* * * LOW HITPOINT WARNING * * *
You hear an angry hiss.
The river rat burns!
You kill the river rat!
An adder comes into view.
Unknown command.
You feel better. The river rat closely misses you.
Unknown command.
Casting: Sticky Flame (dangerous; 16% risk of failure)
Confirm with . or Enter, or press ? or * to list all spells.
Aiming: Sticky Flame (dangerous; 16% risk of failure)
Press: ? - help, Shift-Dir - straight line, f - adder
Aim: an adder (100% to hit)
Okay, then.
Casting: Sticky Flame (dangerous; 16% risk of failure)
Confirm with . or Enter, or press ? or * to list all spells.
Aiming: Inner Flame (dangerous; 4% risk of failure)
Press: ? - help, Shift-Dir - straight line, f - rat
Aim: a rat (chance to affect: 92%)
The rat is filled with an inner flame.
* * * LOW HITPOINT WARNING * * *
The river rat bites you.
* * * LOW HITPOINT WARNING * * *
The adder closely misses you. The rat bites you but does no damage.
Unknown command.
Casting: Inner Flame (dangerous; 4% risk of failure)
Confirm with . or Enter, or press ? or * to list all spells.
Aiming: Sticky Flame (dangerous; 16% risk of failure)
Press: ? - help, Shift-Dir - straight line, f/p - rat
Aim: a rat (inner flame, 100% to hit)
The sticky flame hits the rat!
The rat explodes!
The fiery explosion engulfs the river rat!
The river rat is severely wounded.
The fiery explosion engulfs you! You resist.
You die...

#.# ##.##
.# ##.#.#
# # #.#.##
# ##.## .
#.## ## ..
####.####.
..#
#(.##..#.
#.#
#S##.#.#
#@#†#.#
#§r†.#
#r..#.#
#.#.†##.#
..#.##†#.#
#.#### #)#
. # ##. .
.. .. ...


You could see an adder, a river rat and a rat.

Vanquished Creatures
  Duvessa (D:4)
  A sky beast (D:5)
  A scorpion (D:5)
  A water moccasin zombie (D:5)
  Dowan (D:4)
  A bullfrog zombie (D:4)
  2 jellies (D:5)
  2 iguanas (D:5)
  Natasha (thrice) (D:2)
  Terence (D:3)
  2 orc wizards (D:3)
  A hound zombie (D:5)
  A hound skeleton (D:5)
  Robin (D:2)
  3 gnolls (D:3)
  A howler monkey skeleton (D:5)
  6 river rats (D:5)
  5 adders
  A shadow imp (D:5)
  2 worms
  2 dart slugs (D:2)
  9 orcs
  4 bats
  5 endoplasms
  2 giant cockroaches
  19 goblins
  7 hobgoblins
  5 jackals
  3 kobolds
  8 quokkas
  9 ball pythons
  2 frilled lizards
  8 rats
  2 butterflies (D:4)
122 creatures vanquished.

Vanquished Creatures (others)
  A jackal (D:2)
  328 foxfires
329 creatures vanquished.

Grand Total: 451 creatures vanquished

Notes
Turn   | Place    | Note
-------+----------+-------------------------------------------
     0 | D:1      | dickylongcocking the Djinni Fire Elementalist began the
                  | quest for the Orb.
     0 | D:1      | Reached XP level 1. HP: 15/15 MP: 0/0
   508 | D:1      | Reached XP level 2. HP: 19/22 MP: 0/0
  1051 | D:1      | Found a faded altar of an unknown god.
  1113 | D:1      | Reached skill level 1 in Fighting
  1809 | D:2      | Reached XP level 3. HP: 21/27 MP: 0/0
  1809 | D:2      | Learned a level 1 spell: Sting
  1818 | D:2      | HP: 1/27 [kobold (1)]
  2466 | D:2      | Noticed Natasha
  2474 | D:2      | Killed Natasha
  2475 | D:2      | Reached skill level 2 in Fighting
  2475 | D:2      | Reached XP level 4. HP: 17/33 MP: 0/0
  2479 | D:2      | Noticed Natasha
  2490 | D:2      | Killed Natasha
  2668 | D:2      | Noticed Natasha
  2672 | D:2      | Killed Natasha
  2673 | D:2      | Reached XP level 5. HP: 34/40 MP: 0/0
  2673 | D:2      | Learned a level 2 spell: Poisonous Vapours
  2773 | D:2      | Noticed Robin
  2798 | D:2      | Killed Robin
  2799 | D:2      | Reached skill level 3 in Fighting
  3748 | D:3      | Found a blossoming altar of Fedhas.
  4069 | D:3      | Reached XP level 6. HP: 19/46 MP: 0/0
  4379 | D:3      | Noticed Terence
  4391 | D:3      | Killed Terence
  4392 | D:3      | Reached skill level 4 in Fighting
  4533 | D:3      | Found a stormy altar of Qazlal.
  5263 | D:4      | Found a runed translucent gate.
  5263 | D:4      | Found a runed translucent gate.
  5263 | D:4      | Found a runed translucent gate.
  5314 | D:4      | Noticed Dowan
  5317 | D:4      | Noticed Duvessa
  5324 | D:4      | Killed Dowan
  5324 | D:4      | Killed Duvessa
  5325 | D:4      | Reached XP level 7. HP: 20/53 MP: 0/0
  5325 | D:4      | Learned a level 3 spell: Summon Guardian Golem
  5589 | D:4      | Found a broken altar of Ashenzari.
  5626 | D:4      | Found a staircase to the Ecumenical Temple.
  5921 | D:4      | Noticed LuckyCharm's ghost (amateur SpVM)
  6122 | D:5      | Entered Level 5 of the Dungeon
  6138 | D:5      | Reached skill level 5 in Fighting
  6260 | D:5      | Reached skill level 5 in Spellcasting
  6646 | D:5      | Reached XP level 8. HP: 34/60 MP: 0/0
  6790 | D:5      | Found an opulent altar of Gozag.
  6883 | D:5      | Reached skill level 6 in Fighting
  6980 | D:5      | Killed by an exploding rat... ignited by their inner flame

Illustrated notes

Levels and vault maps discovered:
D:1:      lightli_iron_boxes, layout_basic, hellmonk_ecumenical_altar_zigzags,
          serial_glass, glass_columns_a, glass_columns_b, minivault_11
D:2:      minmay_chambers_of_twos, layout_basic, corexii_leaking_fountain,
          uniq_robin, uniq_natasha
D:3:      layout_basic, grunt_qazlal_sundering, fedhas_altar_2, uniq_terence
D:4:      layout_basic, ashenzari_conservatory_becter,
          minmay_temple_entry_butterflies, gammafunk_ghost_icy, uniq_duvessa
D:5:      lemuel_ratsnest, layout_cave_pools, kennysheep_little_box,
          general_overflow_altar, minmay_ruined_shrine

Skill      XL: |  1  2  3  4  5  6  7  8 |
---------------+-------------------------+-----
Fighting       | 1 2 3 4 5 6 |  6.2
Spellcasting   | 3 4 5 |  5.5
Dodging        | |  2.2
Stealth        | |  1.5

Action                   |  1- 3 |  4- 6 |  7- 9 || total
-------------------------+-------+-------+-------++-------
Melee: Short sword       |    15 |    14 |       ||    29
       Halberd           |       |    34 |    68 ||   102
 Cast: Foxfire           |    62 |   124 |    33 ||   219
       Inner Flame       |       |     9 |     1 ||    10
       Sticky Flame      |       |     3 |     6 ||     9
  Use: Potion            |     1 |     2 |     5 ||     8
 Stab: Sleeping          |       |     1 |     2 ||     3
       Distracted        |       |       |     1 ||     1
Armor: Robe              |    10 |     3 |       ||    13
       Leather armour    |       |    19 |    25 ||    44
Dodge: Dodged            |    36 |    66 |    56 ||   158

Table legend: (Time is in decaauts)
 A = Elapsed time spent in this place.
 B = Non-inter-level travel time spent in this place.
 C = Inter-level travel time spent in this place.
 D = Time resting spent in this place.
 E = Time spent auto-exploring this place.
 F = Levels seen in this place.
 G = Mean time per level.
                   A        B        C        D        E       F      G
               +--------+--------+--------+--------+--------+-----+--------+
         Total |   7012 |   6881 |    131 |    803 |   5231 |   5 | 1402.4 |
       Dungeon |   7012 |   6881 |    131 |    803 |   5231 |   5 | 1402.4 |
               +--------+--------+--------+--------+--------+-----+--------+

Top non-repeatable levels by time:
     D:2: 1925 daAuts
     D:1: 1703 daAuts
     D:3: 1577 daAuts
     D:4: 922 daAuts
     D:5: 883 daAuts
